 Dungeon Crawl Stone Soup version 0.32-a0-636-g4925a30cd0 (webtiles) character file.

Game seed: 17763383208354483281

127473 Mousus6 the Earth Mage (level 17, -7/140 HPs)
             Began as a Formicid Alchemist on Mar 7, 2024.
             Was the Champion of Vehumet.
             Mangled by a +4 heavy battleaxe (31 damage)
             ... on level 3 of the Elven Halls.
             The game lasted 01:10:50 (24295 turns).

Mousus6 the Earth Mage (Formicid Alchemist)        Turns: 24295, Time: 01:10:51

Health: -7/140     AC: 16    Str: 13    XL:     17   Next: 29%
Magic:  2/43       EV: 10    Int: 23    God:    Vehumet [******]
Gold:   1254       SH:  4    Dex: 14    Spells: 17/43 levels left

rFire   + + .        w - +7 lajatang of Ravage {drain, rF+ rCorr}
rCold   . . .        N - +0 buckler
rNeg    . . .        x - quicksilver dragon scales
rPois   +            (helmet unavailable)
rElec   .            j - +1 cloak {Stlth+}
rCorr   +            (no gloves)
SInv    +            X - +0 pair of boots of Ojero {*Slow rPois rF+ Regen+}
Will    ++...        O - amulet of regeneration
Stlth   ++           y - +4 ring of protection
HPRegen 2.03/turn    f - ring of magical power
MPRegen 0.28/turn

%: slow self (1%)
@: no status effects
A: permanent stasis, dig shafts and tunnels, antennae 3, four strong arms
a: Dig, Shaft Self, Renounce Religion


You were on level 3 of the Elven Halls.
You worshipped Vehumet.
Vehumet was exalted by your worship.
You visited 5 branches of the dungeon, and saw 25 of its levels.
You also visited: Sewer.

You collected 2414 gold pieces.
You spent 1160 gold pieces at shops.

Inventory:

Hand Weapons
 c - a +2 longbow of flaming
 q - the +0 war axe of the Median {speed, rF++ rC+++ Str-4 Int-2}
   (You found it on level 2 of the Orcish Mines)

   Str-4:     It affects your strength (-4).
   Int-2:     It affects your intelligence (-2).
   rF++:      It greatly protects you from fire.
   rC+++:     It renders you almost immune to cold.
 w - the +7 lajatang of Ravage (weapon) {drain, rF+ rCorr}
   (You bought it in a shop on level 2 of the Orcish Mines)

   rF+:       It protects you from fire.
   rCorr:     It protects you from acid and corrosion.
Missiles
 H - 6 curare-tipped darts
Armour
 j - a +1 cloak of stealth (worn)
 x - quicksilver dragon scales (worn)
 C - an orb of energy
 N - a +0 buckler (worn)
 R - the +1 leather armour of Upierch {rC+ Will+ Dex+3}
   (You found it on level 7 of the Dungeon)

   Dex+3:     It affects your dexterity (+3).
   rC+:       It protects you from cold.
   Will+:     It increases your willpower.
 X - the +0 pair of boots of Ojero (worn) {*Slow rPois rF+ Regen+}
   (You found it on level 11 of the Dungeon)

   rF+:       It protects you from fire.
   rPois:     It protects you from poison.
   Regen+:    It increases your rate of health regeneration.
   *Slow:     It may slow you when you take damage.
Magical Staves
 a - a staff of alchemy
 b - a staff of earth
 G - a staff of air
Jewellery
 d - a ring of willpower
 e - a ring of wizardry
 f - a ring of magical power (right hand)
 m - a ring of resist corrosion
 y - a +4 ring of protection (left hand)
 z - a ring of flight
 O - an amulet of regeneration (around neck)
Wands
 t - a wand of charming (44)
 v - a wand of light (8)
 I - a wand of warping (31)
 S - a wand of flame (39)
 V - a wand of polymorph (5)
Scrolls
 g - 2 scrolls of vulnerability
 h - 3 scrolls of immolation
 k - 2 scrolls of revelation
 n - 2 scrolls of enchant weapon {unknown}
 u - 3 scrolls of torment {unknown}
 A - 6 scrolls of fear
 D - 3 scrolls of amnesia
 F - 4 scrolls of noise
 J - 4 scrolls of enchant armour
 M - a scroll of silence
 P - 3 scrolls of poison
 Q - 3 scrolls of fog
Potions
 i - 2 potions of attraction
 l - 5 potions of heal wounds
 o - 5 potions of cancellation
 p - 11 potions of curing
 r - 6 potions of might
 s - 5 potions of magic
 B - 5 potions of enlightenment
 E - 7 potions of brilliance
 K - 5 potions of resistance
 L - 6 potions of mutation
 T - a potion of lignification {unknown}
 U - 6 potions of ambrosia
 W - 3 potions of invisibility
 Y - a potion of berserk rage {unknown}
Miscellaneous
 Z - a phial of floods


   Skills:
 + Level 14.7 Fighting
 + Level 8.8 Staves
 - Level 1.7 Dodging
 - Level 2.4 Stealth
 + Level 13.6 Spellcasting
 + Level 7.6 Conjurations
 - Level 8.0 Fire Magic
 * Level 17.9 Earth Magic
 - Level 14.0 Alchemy


You had 17 spell levels left.
You knew the following spells:

 Your Spells              Type           Power      Damage    Failure   Level
a - Sting                 Conj/Alch      100%       1d9       1%          1
b - Mephitic Cloud        Conj/Alch/Air  48%        N/A       1%          3
c - Olgreb's Toxic Radia  Alch           68%        N/A       1%          4
d - Ignite Poison         Fire/Alch      60%        N/A       1%          4
e - Sticky Flame          Fire/Alch      60%        2d10      1%          4
f - Petrify               Alch/Erth      73%        N/A       1%          4
g - Bombard               Conj/Erth      32%        9d6       2%          6

Your spell library contained the following spells:

 Spells                   Type           Power      Damage    Failure   Level
 Plasma Beam              Fire/Air       17%        2x1d28    63%         6
 Magic Dart               Conj           100%       1d8       1%          1
 Mercury Vapours          Alch/Air       94%        N/A       1%          2
 Momentum Strike          Conj/Tloc      66%        3d9       1%          2
 Passwall                 Erth           78%        N/A       1%          3
 Irradiate                Conj/Alch      30%        3d21      1%          5
 Cigotuvi's Dreadful Rot  Necr/Alch/Air  74%        N/A       2%          2
 Animate Armour           Summ/Erth      100%       N/A       3%          4
 Iskenderun's Battlesphe  Conj           50%        2d10      4%          5
 Call Imp                 Summ           30%        N/A       19%         2
 Ensorcelled Hibernation  Hex/Ice        30%        N/A       19%         2
 Lesser Beckoning         Tloc           30%        N/A       19%         2
 Sublimation of Blood     Necr           15%        N/A       19%         2
 Summon Blazeheart Golem  Fire/Summ      34%        N/A       24%         4
 Freezing Cloud           Conj/Ice/Air   13%        6-21      28%         5
 Call Canine Familiar     Summ           15%        N/A       36%         3
 Gell's Gravitas          Tloc           15%        N/A       36%         3
 Sigil of Binding         Hex            15%        N/A       36%         3
 Summon Ice Beast         Ice/Summ       15%        N/A       36%         3
 Teleport Other           Tloc           15%        N/A       36%         3
 Dimensional Bullseye     Hex/Tloc       7%         N/A       77%         4
 Spellforged Servitor     Conj/Summ      16%        N/A       99%         7
 Blink                    Tloc           Unusable   N/A       N/A         2
 Swiftness                Air            Unusable   N/A       N/A         3

Dungeon Overview and Level Annotations

Branches:
Dungeon (14/15)            Temple (1/1) D:6            Lair (5/5) D:11
  Swamp (0/4) Lair:3        Snake (0/4) Lair:3          Orc (2/2) D:10
    Elf (3/3) Orc:2        Vaults (0/5) D:13          Sewer (visited)
  Slime: Lair:4-5

Altars:
Ashenzari
Cheibriados
Dithmenos
Elyvilon
Fedhas
Gozag
Hepliaklqana
Kikubaaqudgha
Makhleb
Nemelex Xobeh
Okawaru
Qazlal
Ru
Sif Muna
Trog
Uskayaw
Vehumet
Wu Jian
Xom
Yredelemnul
Zin
The Shining One
Beogh
Jiyva

Shops:
D:2 (   D:5 !   Orc:2 (*:[(   Elf:2 *   Elf:3 ==

Annotations:
D:4 1 exclusion
Lair:3 1 transporter, ouz's ghost, journeyman CoGl
Lair:5 exclusion: 3 oklob plants
Elf:1 exclusion: orange crystal statue


Innate Abilities, Weirdness & Mutations

You cannot be hasted, slowed, berserked, paralysed or teleported.
You can dig through walls and to a lower floor.
You have a pair of large antennae on your head. (SInv)
Your four strong arms can wield two-handed weapons with a shield.


Message History

Space twists violently!
The rupture engulfs the +4 heavy battleaxe but does no damage.
The +4 heavy battleaxe is heavily damaged.
The +4 heavy battleaxe hits you!!
* * * LOW HITPOINT WARNING * * *
The air elemental fires a burst of electricity at you.
The stunning burst misses you.
The stunning burst misses the +4 heavy battleaxe.
Aiming: Bolt of Light
Press: ? - help, Shift-Dir - straight line, f - +4 heavy battleaxe
Aim: a +4 heavy battleaxe (heavily damaged, 46% to hit)
The bolt of light hits the +4 heavy battleaxe.
The +4 heavy battleaxe is severely damaged.
The air elemental fires a burst of electricity at you.
The stunning burst hits you but does no damage.
Your stasis prevents you from being paralysed.
The stunning burst hits the +4 heavy battleaxe.
The +4 heavy battleaxe completely resists.
The air elemental fires a burst of electricity at you.
The stunning burst misses you.
The stunning burst hits the +4 heavy battleaxe.
The +4 heavy battleaxe completely resists.
The +4 heavy battleaxe hits you!
* * * LOW HITPOINT WARNING * * *
You feel much better.
You block the +4 heavy battleaxe's attack.
The air elemental hits you but does no damage.
Aiming: Bolt of Light
Press: ? - help, Shift-Dir - straight line, f/p - +4 heavy battleaxe
Aim: a +4 heavy battleaxe (severely damaged, 46% to hit)
The bolt of light misses the +4 heavy battleaxe.
The air elemental hits you but does no damage.
The air elemental fires a burst of electricity at you.
The stunning burst hits you!
Your stasis prevents you from being paralysed.
* * * LOW HITPOINT WARNING * * *
The stunning burst hits the +4 heavy battleaxe.
The +4 heavy battleaxe completely resists.
The +4 heavy battleaxe hits you!!
You die...

#..# #.# #.# .# #..# #...#
#.# #.# ...# #.#.#.# #.# #.#
#..# #.##.##.# #.# #..
#..##.# #.# #.#.#
###..##..#.# #.####.##
..........#####.)##.#.## #.#
###.####...###...).)..##.##
#.#
...<.^.....))..(@E....###.##
#.# .#####.#######<).....#
##.## #.# #..#♣♣♣♣♣###..####
##.###.# ##.#♣P..♣♣ ####
##.##.# #.#♣P.∩.♣♣ #####
##.#.# #[#♣.)...♣ ##...##
##..#
#..∩))...♣####.....######.#
###♣..)..♣#.........<......
♣P.∩.♣♣##.........##.###


You could see an air elemental and a +4 heavy battleaxe.

Vanquished Creatures
  Jorgrun (D:14)
  4 orc warlords (Orc:2)
  A deep elf demonologist (Elf:1)
  Nessos (D:13)
  A deep elf death mage (Elf:1)
  2 deep elf annihilators
  Snorg (D:10)
  A fire dragon (Lair:1)
  Fannar (Orc:1)
  Erolcha (Orc:2)
  3 vault guards (D:13)
  4 hydras
  4 boulder beetles
  2 catoblepae
  2 alligators (Lair:5)
  2 dancing weapons (Elf:1)
  2 two-headed ogres
  A hell hog (Lair:5)
  A spriggan berserker (Lair:3)
  Urug (Orc:2)
  2 death yaks (Lair:4)
  2 orc high priests (Orc:2)
  Sonja (Orc:2)
  11 deep elf knights
  4 skeletal warriors
  Amaemon (Lair:2)
  An arcanist (D:13)
  7 deep elf archers
  14 deep elf pyromancers
  6 orc knights
  A lindwurm (Lair:4)
  2 thermic dynamos (Elf:1)
  An ugly thing (D:11)
  26 deep elf zephyrmancers
  5 orc sorcerers
  8 elephants
  A cyclops (D:14)
  3 manticores
  2 meliai (Lair:4)
  5 black mambas
  Maurice (Orc:1)
  A kobold blastminer (Orc:2)
  A moth of wrath (Lair:3)
  4 gargoyles
  Joseph (D:7)
  A torpor snail (Lair:5)
  An orange demon (Lair:2)
  Maggie (D:7)
  A rime drake (Lair:4)
  9 cane toads
  2 unseen horrors (D:11)
  5 komodo dragons
  11 trolls
  A tyrant leech (Lair:3)
  A queen bee (Lair:4)
  11 polar bears
  2 hornets (Lair:3)
  A raiju (shapeshifter) (Elf:1)
  12 blink frogs
  A raiju (Lair:5)
  5 slime creatures
  5 spriggans (Lair:3)
  A fire elemental (Elf:1)
  A vampire (D:9)
  5 wyverns
  2 wraiths (D:11)
  3 shadows
  5 basilisks
  3 water elementals
  42 yaks
  10 wargs
  Grum (D:11)
  7 vampire mosquitoes
  6 steam dragons
  A swamp worm (Lair:3)
  Menkaure (D:7)
  An acid dragon (D:12)
  16 water moccasins
  13 hell hounds (Lair:5)
  11 black bears (Lair:5)
  An ice beast (D:8)
  36 orc warriors
  2 sky beasts (D:7)
  14 ogres
  43 wolves
  6 centaurs
  6 kobold brigands
  5 bullfrogs
  5 gnoll sergeants
  5 scorpions
  6 wights
  A burial acolyte (D:5)
  42 killer bees
  An electric eel (D:14)
  A howler monkey (D:3)
  A bombardier beetle (D:5)
  22 orc priests
  2 jellies
  Crazy Yiuf (D:7)
  A gnoll bouda (D:9)
  7 hounds
  9 iguanas
  3 sleepcaps
  Ijyb (D:3)
  27 orc wizards
  8 hell rats (Lair:4)
  2 hound zombies (D:5)
  23 gnolls
  8 adders
  2 river rats (Sewer)
  5 shadow imps
  2 white imps
  2 ufetubi (D:14)
  An adder zombie (D:5)
  87 orcs
  9 endoplasms
  2 giant cockroaches
  4 goblins
  3 hobgoblins
  16 jackals
  3 quokkas
  15 ball pythons
  7 bats
  A frilled lizard (D:3)
  2 gnoll zombies (D:5)
  33 kobolds
  2 kobold zombies (D:5)
  8 rats
839 creatures vanquished.

Notes
Turn   | Place    | Note
-------+----------+-------------------------------------------
     0 | D:1      | Mousus6 the Formicid Alchemist began the quest for the Orb.
     0 | D:1      | Reached XP level 1. HP: 13/13 MP: 3/3
   217 | D:1      | Reached XP level 2. HP: 19/20 MP: 0/5
   492 | D:1      | Reached skill level 1 in Fighting
   793 | D:1      | Reached XP level 3. HP: 26/26 MP: 4/6
  1496 | D:2      | Found Ateqiwa's Antique Weapon Shoppe.
  1666 | D:2      | Reached skill level 5 in Alchemy
  2315 | D:3      | Reached XP level 4. HP: 32/32 MP: 5/8
  2320 | D:3      | Learned a level 4 spell: Olgreb's Toxic Radiance
  2324 | D:3      | Learned a level 3 spell: Mephitic Cloud
  2386 | D:3      | Reached XP level 5. HP: 38/38 MP: 3/9
  2568 | D:3      | Noticed Ijyb
  2578 | D:3      | Killed Ijyb
  3056 | D:3      | Reached XP level 6. HP: 41/46 MP: 5/11
  3469 | D:4      | Found a glowing drain.
  3484 | Sewer    | Entered a sewer
  3591 | Sewer    | Reached XP level 7. HP: 45/52 MP: 4/12
  3605 | Sewer    | Found a white marble altar of Elyvilon.
  4425 | D:4      | Learned a level 4 spell: Ignite Poison
  4538 | D:5      | Entered Level 5 of the Dungeon
  4643 | D:5      | Found Miacupp's Distillery.
  4646 | D:5      | Bought a potion of degeneration for 13 gold pieces
  4646 | D:5      | Bought a potion of brilliance for 52 gold pieces
  4760 | D:5      | Found a hide-covered altar of Uskayaw.
  4844 | D:5      | Reached skill level 1 in Fire Magic
  4844 | D:5      | Reached XP level 8. HP: 51/60 MP: 9/14
  4896 | D:5      | Found an ancient bone altar of Kikubaaqudgha.
  5578 | D:5      | Learned a level 4 spell: Sticky Flame
  5614 | D:6      | Found a staircase to the Ecumenical Temple.
  5626 | Temple   | Entered the Ecumenical Temple
  5660 | Temple   | Became a worshipper of Vehumet
  5702 | D:6      | Reached skill level 5 in Spellcasting
  5731 | D:6      | Noticed a troll
  5735 | D:6      | Reached skill level 5 in Fighting
  5740 | D:6      | Killed a troll
  5741 | D:6      | Reached skill level 10 in Alchemy
  5741 | D:6      | Reached XP level 9. HP: 44/68 MP: 1/17
  6258 | D:6      | Found a snail-covered altar of Cheibriados.
  6344 | D:6      | Found a glowing silver altar of Zin.
  6949 | D:6      | Found a sacrificial altar of Ru.
  6951 | D:6      | Found an ornate altar of the Wu Jian Council.
  6955 | D:6      | Found an iron altar of Okawaru.
  6992 | D:6      | Reached * piety under Vehumet
  6992 | D:6      | Offered knowledge of Foxfire by Vehumet.
  7109 | D:7      | Noticed Menkaure
  7118 | D:7      | Killed Menkaure
  7219 | D:7      | Identified the +1 leather armour of Upierch {rC+ Will+
                  | Dex+3}
  7517 | D:7      | Reached XP level 10. HP: 77/77 MP: 14/19
  7788 | D:7      | Noticed Joseph
  7793 | D:7      | Killed Joseph
  7862 | D:7      | Found a runed translucent door.
  7863 | D:7      | Noticed Crazy Yiuf
  7870 | D:7      | Killed Crazy Yiuf
  8191 | D:7      | Noticed Maggie
  8195 | D:7      | Killed Maggie
  8196 | D:7      | Reached skill level 5 in Fire Magic
  8675 | D:8      | Reached ** piety under Vehumet
  8675 | D:8      | Offered knowledge of Scorch by Vehumet.
  8847 | D:8      | Found a stormy altar of Qazlal.
  9422 | D:9      | Found an opulent altar of Gozag.
  9488 | D:9      | Offered knowledge of Frozen Ramparts by Vehumet.
  9489 | D:9      | Reached XP level 11. HP: 83/85 MP: 20/22
  9549 | D:9      | Found a sparkling altar of Nemelex Xobeh.
  9553 | D:9      | Found a burning altar of Makhleb.
  9554 | D:9      | Found a broken altar of Ashenzari.
  9710 | D:9      | Noticed a manticore
  9719 | D:9      | Killed a manticore
 10149 | D:10     | Entered Level 10 of the Dungeon
 10392 | D:10     | Found a staircase to the Orcish Mines.
 10394 | D:10     | Reached *** piety under Vehumet
 10415 | Orc:1    | Entered Level 1 of the Orcish Mines
 10415 | Orc:1    | Noticed Maurice
 10420 | Orc:1    | Killed Maurice
 10433 | Orc:1    | Offered knowledge of Brom's Barrelling Boulder by Vehumet.
 10439 | Orc:1    | Learned a level 4 spell: Petrify
 10571 | Orc:1    | Reached skill level 1 in Earth Magic
 10589 | Orc:1    | Reached **** piety under Vehumet
 10687 | Orc:1    | Reached skill level 2 in Earth Magic
 10756 | Orc:1    | Offered knowledge of Yara's Violent Unravelling by Vehumet.
 10773 | Orc:1    | Noticed Fannar
 10778 | Orc:1    | Killed Fannar
 10779 | Orc:1    | Reached skill level 3 in Earth Magic
 10974 | Orc:2    | Entered Level 2 of the Orcish Mines
 10975 | Orc:2    | Found Fuhozyco's Weapon Shop.
 10977 | Orc:2    | Noticed an orc sorcerer
 10980 | Orc:2    | Killed an orc sorcerer
 11159 | Orc:2    | Reached skill level 4 in Earth Magic
 11327 | Orc:2    | Noticed an orc high priest
 11332 | Orc:2    | Killed an orc high priest
 11333 | Orc:2    | Reached skill level 5 in Earth Magic
 11333 | Orc:2    | Reached XP level 12. HP: 73/96 MP: 15/25
 11422 | Orc:2    | Noticed Erolcha
 11425 | Orc:2    | Killed Erolcha
 11430 | Orc:2    | Noticed Sonja
 11452 | Orc:2    | Killed Sonja
 11453 | Orc:2    | Reached skill level 6 in Earth Magic
 11607 | Orc:2    | Found a staircase to the Elven Halls.
 11625 | Orc:2    | Reached skill level 10 in Fighting
 11674 | Orc:2    | Reached skill level 7 in Earth Magic
 11675 | Orc:2    | Reached ***** piety under Vehumet
 11678 | Orc:2    | Offered knowledge of Arcjolt by Vehumet.
 11865 | Orc:2    | Noticed Urug
 11890 | Orc:2    | Killed Urug
 11891 | Orc:2    | Reached skill level 8 in Earth Magic
 11898 | Orc:2    | Found a roughly hewn altar of Beogh.
 11898 | Orc:2    | Noticed an orc warlord
 11900 | Orc:2    | Noticed an orc high priest
 11905 | Orc:2    | Killed an orc high priest
 11916 | Orc:2    | Reached skill level 10 in Spellcasting
 11928 | Orc:2    | Killed an orc warlord
 11929 | Orc:2    | Reached skill level 9 in Earth Magic
 12049 | Orc:2    | Found Tucooqeo's Antique Weapon Emporium.
 12100 | Orc:2    | Found Monokoz's Book Emporium.
 12196 | Orc:2    | Found Anoicowihu's General Store.
 12203 | Orc:2    | Bought a scroll of immolation for 52 gold pieces
 12234 | Orc:2    | Found Adileeha's Antique Armour Emporium.
 12240 | Orc:2    | Bought a runed cloak for 202 gold pieces
 12314 | Orc:2    | Bought a dazzling lajatang for 760 gold pieces
 12314 | Orc:2    | Identified the +7 lajatang of Ravage {drain, rF+ rCorr}
                  | (You bought it in a shop on level 2 of the Orcish Mines)
 12470 | Orc:2    | Noticed an orc warlord
 12470 | Orc:2    | Noticed an orc warlord
 12474 | Orc:2    | Reached XP level 13. HP: 104/104 MP: 22/27
 12478 | Orc:2    | Killed an orc warlord
 12480 | Orc:2    | Killed an orc warlord
 12481 | Orc:2    | Reached skill level 10 in Earth Magic
 12495 | Orc:2    | Noticed an orc warlord
 12654 | Orc:2    | Killed an orc warlord
 12655 | Orc:2    | Reached skill level 11 in Earth Magic
 12865 | Orc:2    | Identified the serpent talisman "Luetymni" {Fly rCorr
                  | Str+3}
 12913 | Orc:2    | Identified the +0 war axe of the Median {speed, rF++ rC+++
                  | Str-4 Int-2}
 13325 | D:10     | Noticed Snorg
 13331 | D:10     | Killed Snorg
 13476 | D:10     | Reached skill level 1 in Staves
 13830 | D:11     | Identified the +0 pair of boots of Ojero {*Slow rPois rF+
                  | Regen+}
 13876 | D:11     | Noticed Grum
 13879 | D:11     | Killed Grum
 13928 | D:11     | Learned a level 6 spell: Bombard
 13950 | D:11     | You fall into a shaft and drop 3 floors!
 14102 | D:14     | Reached skill level 1 in Conjurations
 14111 | D:14     | Offered knowledge of Orb of Destruction by Vehumet.
 14382 | D:13     | Noticed a vault guard
 14390 | D:13     | Reached skill level 12 in Earth Magic
 14563 | D:13     | Killed a vault guard
 14695 | D:13     | Noticed a vault guard
 14722 | D:13     | Reached XP level 14. HP: 113/114 MP: 5/29
 14905 | D:13     | Found a gate to the Vaults.
 15130 | D:13     | Noticed Nessos
 15138 | D:13     | Killed Nessos
 15258 | D:14     | Noticed Jorgrun
 15272 | D:14     | Killed Jorgrun
 15273 | D:14     | Reached skill level 13 in Earth Magic
 16737 | D:11     | Found a staircase to the Lair.
 17837 | Lair:1   | Entered Level 1 of the Lair of Beasts
 17953 | Lair:1   | Reached skill level 14 in Earth Magic
 18307 | Lair:1   | Reached skill level 5 in Staves
 18537 | Lair:1   | Offered knowledge of Starburst by Vehumet.
 18791 | Lair:3   | Found a transporter.
 18794 | Lair:3   | Found a transporter.
 18801 | Lair:3   | Noticed ouz's ghost (journeyman CoGl)
 18802 | Lair:3   | Found a bloodstained altar of Trog.
 18860 | Lair:5   | Entered Level 5 of the Lair of Beasts
 18880 | Lair:5   | Reached XP level 15. HP: 120/122 MP: 24/31
 19272 | Lair:5   | Reached skill level 5 in Conjurations
 19291 | Lair:5   | Reached skill level 15 in Earth Magic
 19371 | Lair:5   | Offered knowledge of Fireball by Vehumet.
 19376 | Lair:5   | Got an earthy gem with 2202 turns to spare
 19717 | Lair:5   | Found a viscous altar of Jiyva.
 19901 | Lair:2   | Noticed Amaemon
 19907 | Lair:2   | Killed Amaemon
 21325 | Lair:3   | Found a staircase to the Swamp.
 21531 | Lair:3   | You fall into a shaft and drop 2 floors!
 21552 | Lair:4   | Reached skill level 16 in Earth Magic
 21552 | Lair:4   | Reached XP level 16. HP: 132/132 MP: 20/32
 21947 | Lair:4   | Offered knowledge of Ozocubu's Refrigeration by Vehumet.
 22247 | Lair:3   | Found a staircase to the Snake Pit.
 23583 | Elf:1    | Entered Level 1 of the Elven Halls
 23594 | Elf:1    | Offered knowledge of Plasma Beam by Vehumet.
 23748 | Elf:1    | Found a radiant altar of Vehumet.
 23758 | Elf:1    | Reached skill level 17 in Earth Magic
 23822 | Elf:1    | Reached ****** piety under Vehumet
 23904 | Elf:1    | Reached XP level 17. HP: 126/140 MP: 23/34
 24123 | Elf:1    | Got the Textbook on the Mirage
 24178 | Elf:2    | Found Jaeth's Assorted Antiques.
 24181 | Elf:2    | Bought a silvery potion for 38 gold pieces
 24181 | Elf:2    | Bought a scroll labelled NOPOESH KUOQO for 43 gold pieces
 24189 | Elf:3    | Entered Level 3 of the Elven Halls
 24246 | Elf:3    | Found Cemushrir's Book Boutique.
 24246 | Elf:3    | Found Wol Dez's Jewellery Emporium.
 24247 | Elf:3    | Found Vikin's Jewellery Emporium.
 24293 | Elf:3    | HP: 5/140 [+4 heavy battleaxe (16)]
 24295 | Elf:3    | Mangled by a +4 heavy battleaxe

Illustrated notes

Levels and vault maps discovered:
D:1:      co_arrival_square_in_a_square_in_a_square, layout_basic
D:2:      layout_loops_corners, serial_shops, nicolae_diamond_shop,
          grunt_decor_mini_mirrors
D:3:      layout_loops_cross, minmay_shallow_snake_nest, uniq_ijyb
D:4:      layout_basic, serial_library, serial_library_regret_index_headful,
          serial_library_hellmonk_u_bend, serial_library_hellmonk_layered_room,
          serial_library_hellmonk_room_c, portal_sewer_entry_d,
          chequers_serial_rivers_room_b
D:5:      layout_basic, regret_index_kikubaaqudgha_part_by_part,
          mainiacjoe_overflow_cross_hatched, serial_shops,
          nicolae_shop_real_fake_doors, hangedman_decor_diamond_cutter
D:6:      layout_basic, jmf_multi_god_temple, grunt_temple_overflow_diamond,
          minmay_temple_entry_hall
D:7:      layout_loops_ring, hangedman_minor_gate_pass, uniq_joseph,
          uniq_crazy_yiuf_cottage, uniq_maggie, uniq_menkaure
D:8:      layout_rooms, nicolae_qazlal_eye_of_the_storm
D:9:      layout_basic, grunt_gozag_statues, gammafunk_temple_overflow_forgotten
D:10:     layout_small_grid, kennysheep_orc_monster_closet_entryway,
          serial_rivers, chequers_serial_rivers_small_a,
          chequers_serial_rivers_small_a, chequers_serial_rivers_small_b,
          chequers_serial_rivers_room_a, chequers_serial_rivers_marsh,
          minmay_misc_feat_rugged, uniq_snorg
D:11:     layout_basic, dpeg_lair_monsters, nzn_sisyphean_effort, uniq_grum
D:12:     layout_basic
D:13:     layout_roguey, grunt_vaults_entry_fortified,
          gammafunk_ghost_abyssal_escape, uniq_nessos
D:14:     layout_basic, ashenzari_conservatory_becter, serial_ice, serial_ice_b,
          serial_ice_e, serial_ice_k, serial_ice_m, serial_ice_d, serial_ice_n,
          serial_ice_h, serial_ice_a, serial_ice_f, serial_ice_g,
          serial_bayou_lagoon_a, uniq_jorgrun
Temple:   jpeg_temple_alley_garden
Lair:1:   dragon1_lemuel, layout_layer_cave, infiniplex_staircase_pool_2
Lair:2:   hellmonk_destroyed_diamonds, layout_layer_cave, lemuel_fruit_tree,
          infiniplex_staircase_pool, uniq_amaemon
Lair:3:   layout_gridlike, minmay_swamp_entry_worms,
          minmay_snake_entry_six_corridors, gammafunk_ghost_wrathful_warriors,
          grunt_forest_small_clearing_treed
Lair:4:   regret_index_tunnel_blossom, layout_hall_layers,
          grunt_forest_large_clearing_hut
Lair:5:   hangedman_lair_caniforms_friends, layout_cave_pods,
          minmay_slime_entry_oklob_enclosed, grunt_megastairs_5
Orc:1:    layout_caves, uniq_fannar, uniq_maurice
Orc:2:    grunt_orc_cross, layout_diamond_mine, serial_shops, shop,
          minmay_orc_treasury, uniq_urug, uniq_sonja, uniq_erolcha
Elf:1:    eino_elf_arrival_altar, layout_geoelf_octagon, minmay_elf_demonology,
          minivault_16, st_stairs_2, small_statue_intersection,
          nicolae_elf_big_sculpture_3
Elf:2:    elven_hall_of_blades_hangedman_alternative [nicolae_blade_lattice],
          layout_onion_city, serial_shops, shop_fountains, shop,
          nicolae_stop_n_shop_2, guppyfry_elf_garden
Elf:3:    minmay_elf_hall_x, layout_rooms, serial_shops, shop, minmay_shop_mass,
          amethyst_killhole, hangedman_corner_corridor, minmay_shop_grove

Skill      XL: |  1  2  3  4  5  6  7  8  9 10 11 12 13 14 15 16 |
---------------+-------------------------------------------------+-----
Fighting       | 1 2 3 4 5 6 7 9 10 11 12 13 14 | 14.7
Alchemy        | 5 6 7 8 10 11 13 14 | 14.0
Spellcasting   | 3 4 5 6 7 9 10 11 12 13 | 13.6
Fire Magic     | 1 3 4 5 7 8 |  8.0
Earth Magic    | 5 9 12 14 16 17 | 17.9
Staves         | 2 5 7 8 |  8.8
Conjurations   | 2 4 6 7 |  7.6
Dodging        | |  1.7
Stealth        | |  2.4

Action                     |  1- 3 |  4- 6 |  7- 9 | 10-12 | 13-15 | 16-18 || total
---------------------------+-------+-------+-------+-------+-------+-------++-------
  Melee: Short sword       |     4 |       |       |       |       |       ||     4
         Staff             |    18 |    65 |    84 |    69 |   115 |    10 ||   361
         Whip              |       |     1 |    53 |       |       |       ||    54
         Quarterstaff      |       |       |       |    12 |       |       ||    12
         Lajatang          |       |       |       |       |   112 |   102 ||   214
   Fire: Sling             |    12 |       |       |       |       |       ||    12
   Cast: Sting             |    71 |    40 |     7 |     5 |     4 |       ||   127
         Olgreb's Toxic Ra |       |     9 |    27 |    69 |   124 |    67 ||   296
         Sticky Flame      |       |       |    10 |    10 |    41 |    10 ||    71
         Ignite Poison     |       |       |     4 |    50 |    99 |    50 ||   203
         Mephitic Cloud    |       |       |       |    12 |    10 |     1 ||    23
         Petrify           |       |       |       |     2 |     1 |       ||     3
         Bombard           |       |       |       |       |    48 |    17 ||    65
Ability: Dig               |       |     1 |       |       |       |       ||     1
         Shaft Self        |       |       |       |       |     2 |       ||     2
  Evoke: Wand              |       |       |       |     1 |     2 |     5 ||     8
    Use: Scroll            |       |       |       |       |    17 |     1 ||    18
         Potion            |       |       |       |       |       |     1 ||     1
   Stab: Sleeping          |       |       |     1 |       |       |     1 ||     2
         Confused          |       |       |       |     2 |     2 |       ||     4
         Petrified         |       |       |       |     9 |     6 |     1 ||    16
         Petrifying        |       |       |       |       |     1 |     1 ||     2
         Distracted        |       |       |       |       |     1 |       ||     1
 Armour: Robe              |    42 |    19 |       |       |       |       ||    61
         Quicksilver drago |       |    32 |   120 |    96 |   364 |   203 ||   815
  Dodge: Dodged            |    29 |    47 |    69 |    47 |   163 |    77 ||   432
  Block: Buckler           |       |       |     6 |    21 |    68 |    35 ||   130

Table legend: (Time is in decaauts)
 A = Elapsed time spent in this place.
 B = Non-inter-level travel time spent in this place.
 C = Inter-level travel time spent in this place.
 D = Time resting spent in this place.
 E = Time spent auto-exploring this place.
 F = Levels seen in this place.
 G = Mean time per level.
                   A        B        C        D        E       F      G
               +--------+--------+--------+--------+--------+-----+--------+
         Total |  24383 |  23197 |   1186 |   2983 |  14301 |  26 |  937.8 |
       Dungeon |  15006 |  14524 |    482 |   1932 |   9492 |  14 | 1071.9 |
        Temple |     67 |     35 |     32 |      0 |      0 |   1 |   67.0 |
          Lair |   5593 |   5168 |    425 |     60 |   3457 |   5 | 1118.6 |
  Orcish Mines |   2991 |   2844 |    147 |    928 |   1257 |   2 | 1495.5 |
   Elven Halls |    519 |    420 |     99 |      0 |      0 |   3 |  173.0 |
         Sewer |    205 |    205 |      0 |     63 |     95 |   1 |  205.0 |
               +--------+--------+--------+--------+--------+-----+--------+

Top non-repeatable levels by time:
   Orc:2: 2248 daAuts
     D:7: 1459 daAuts
     D:6: 1421 daAuts
    D:11: 1385 daAuts
  Lair:4: 1213 daAuts
  Lair:2: 1204 daAuts
  Lair:3: 1188 daAuts
     D:9: 1146 daAuts
     D:3: 1139 daAuts
     D:2: 1107 daAuts
    D:12: 1105 daAuts
     D:4: 1092 daAuts
    D:13: 1042 daAuts
     D:5: 1019 daAuts
     D:1: 1013 daAuts
